 Dungeon Crawl Stone Soup version 0.27-a0-732-ga892ba84f6 (webtiles) character file.

Game seed: 13375598462158268570

213 pkoi the Slasher (level 5, 0/42 HPs)
             Began as a Minotaur Gladiator on Mar 24, 2021.
             Slain by Natasha (6 damage)
             ... on level 3 of the Dungeon.
             The game lasted 00:03:27 (3200 turns).

pkoi the Slasher (Minotaur Gladiator)               Turns: 3200, Time: 00:03:28

Health: 0/42       AC:  9    Str: 19    XL:     5   Next: 59%
Magic:  4/4        EV:  8    Int:  5    God:
Gold:   109        SH:  0    Dex: 12    Spells: 3/4 levels left

rFire    . . .     SeeInvis .   a - +0 long sword
rCold    + . .     Faith    .   (no shield)
rNeg     . . .     Spirit   .   j - +1 chain mail {rC+}
rPois    .         Reflect  .   c - +0 hat
rElec    .         Harm     .   (no cloak)
rCorr    .         Rampage  .   (no gloves)
Will     .....                  (no boots)
Stlth    ..........             (no amulet)
HPRegen  0.14/turn              (no ring)
MPRegen  0.09/turn              (no ring)

@: very slightly contaminated, slowed, invisible, very slow
A: horns 2, retaliatory headbutt
a: no special abilities


You were on level 3 of the Dungeon.
You visited 1 branch of the dungeon, and saw 3 of its levels.

You collected 109 gold pieces.

Inventory:

Hand Weapons
 a - a +0 long sword (weapon)
Missiles
 d - 3 throwing nets (quivered)
Armour
 c - a +0 hat (worn)
 j - a +1 chain mail of cold resistance (worn)
Jewellery
 m - an amulet of regeneration
Wands
 p - a wand of polymorph (3)
Scrolls
 e - 2 scrolls of identify {unknown}
 f - 2 scrolls of random uselessness {unknown}
 g - 4 scrolls of enchant armour {unknown}
 h - a scroll of fog {unknown}
 i - a scroll of immolation {unknown}
 k - 3 scrolls of teleportation {unknown}
 l - a scroll of noise {unknown}
 n - a scroll of enchant weapon {unknown}
Potions
 o - a potion of haste
 q - a potion of ambrosia {unknown}


   Skills:
 - Level 2.4 Fighting
 + Level 7.7 Long Blades
 - Level 2.0 Throwing
 - Level 3.2 Dodging


You had 3 spell levels left.
You knew the following spells:

 Your Spells              Type           Power      Damage    Failure   Level
a - Apportation           Tloc           0%         N/A       100%        1

Your spell library contained the following spells:

 Spells                   Type           Power      Damage    Failure   Level
 Animate Skeleton         Necr           0%         N/A       100%        1
 Beastly Appendage        Tmut           0%         N/A       100%        1
 Corona                   Hex            0%         N/A       100%        1
 Summon Small Mammal      Summ           0%         N/A       100%        1
 Wereblood                Tmut           0%         N/A       100%        2
 Spider Form              Tmut/Pois      0%         N/A       100%        3
 Ice Form                 Ice/Tmut       0%         N/A       100%        4
 Blade Hands              Tmut           0%         N/A       100%        5


Dungeon Overview and Level Annotations

Branches:
Dungeon (3/15)

Altars:

Annotations:
D:2 Grinder
D:3 Natasha


Innate Abilities, Weirdness & Mutations

You have a pair of horns on your head.
You reflexively headbutt those who attack you in melee.


Message History

You are too injured to fight recklessly!
You are too injured to fight recklessly!
You are too injured to fight recklessly!
You are too injured to fight recklessly!
You are too injured to fight recklessly!
You are too injured to fight recklessly!
You are too injured to fight recklessly!
Unknown command.
Sorry, you're not good enough to have a special ability.
It was a potion of invisibility.
You fade into invisibility!
The gnoll hits you but does no damage.
You are very lightly contaminated with residual magic.
Okay, then.
You barely miss the gnoll. You headbutt the gnoll.
You kill the gnoll!
The white imp gestures at you.
The puff of frost hits the ball python!
The ball python dies!
Natasha casts a spell at you. The magic dart hits you.
* * * LOW HITPOINT WARNING * * *
The white imp gestures at Natasha.
The puff of frost hits Natasha.
Natasha resists.
Natasha casts a spell at you.
You feel yourself slow down.
There is an open door here.
Natasha wildly gestures.
Natasha's front paws start to glow.
Natasha claws you.
* * * LOW HITPOINT WARNING * * *
Natasha casts a spell at you. You resist with some effort.
Natasha mumbles some strange words.
Natasha glows brightly for a moment.
Natasha casts a spell.
The kobold hits you but does no damage. Natasha barely misses you.
Natasha claws you.
You die...

#..#..##.##########
.........##.......#
###...#####.......##
....>.....'....[...#
###########........#
#........#
#........#
#........######
#.....@..(....#
#######h......#
#######g.........
#.........######.
#...KK....# .
#......####
....######.....##
#..†5).'....##
#..#####....#


You could see Natasha (resistant) and a gnoll.

Vanquished Creatures
  Ijyb (D:3)
  Natasha (twice) (D:3)
  2 gnolls (D:3)
  An adder (D:2)
  5 worms
  2 dart slugs (D:3)
  3 orcs (D:3)
  11 ball pythons
  2 giant cockroaches
  12 goblins
  2 hobgoblins
  14 jackals
  2 kobolds (D:1)
  6 oozes
  5 quokkas
  5 bats
  A frilled lizard (D:1)
  4 rats
80 creatures vanquished.

Vanquished Creatures (others)
  A ball python (D:3)
1 creature vanquished.

Grand Total: 81 creatures vanquished

Notes
Turn   | Place    | Note
-------+----------+-------------------------------------------
     0 | D:1      | pkoi the Minotaur Gladiator began the quest for the Orb.
     0 | D:1      | Reached XP level 1. HP: 18/18 MP: 0/0
    42 | D:1      | Reached skill level 4 in Long Blades
    78 | D:1      | Reached XP level 2. HP: 21/25 MP: 1/1
   554 | D:2      | Reached skill level 5 in Long Blades
   640 | D:2      | Reached XP level 3. HP: 30/30 MP: 2/2
   825 | D:2      | Learned a level 1 spell: Apportation
  1588 | D:3      | Reached skill level 6 in Long Blades
  1588 | D:3      | Reached XP level 4. HP: 37/37 MP: 3/3
  1633 | D:3      | Noticed Grinder
  1634 | D:3      | Noticed Natasha
  1634 | D:3      | Paralysed by Grinder for 3 turns
  1644 | D:2      | Paralysed by Grinder for 6 turns
  1658 | D:2      | Paralysed by Grinder for 5 turns
  1992 | D:3      | Killed Natasha
  2210 | D:3      | Noticed Natasha
  2221 | D:3      | Killed Natasha
  2407 | D:3      | Reached XP level 5. HP: 36/42 MP: 4/4
  2510 | D:3      | Reached skill level 7 in Long Blades
  2962 | D:3      | Noticed Ijyb
  3046 | D:3      | Killed Ijyb
  3177 | D:3      | Noticed Natasha
  3200 | D:3      | Slain by Natasha

Illustrated notes

Levels and vault maps discovered:
D:1:      amcnicky_arrival_underground_garden, layout_basic
D:2:      layout_basic
D:3:      kennysheep_goblin_castle, layout_basic, marbit_many_paths,
          minivault_26, uniq_natasha, uniq_grinder

Skill      XL: |  1  2  3  4  5 |
---------------+----------------+-----
Long Blades    | 4 5 6 7 |  7.7
Fighting       | |  2.4
Throwing       | |  2.0
Dodging        | |  3.2

Action                   |  1- 3 |  4- 6 || total
-------------------------+-------+-------++-------
Melee: Long sword        |    91 |   111 ||   202
       Headbutt          |    16 |    15 ||    31
  Use: Potion            |       |     2 ||     2
Armor: Leather armour    |    12 |       ||    12
       Chain mail        |    38 |    41 ||    79
       Plate armour      |       |    29 ||    29
       Skin              |       |     5 ||     5
Dodge: Dodged            |    50 |    44 ||    94
       Rpst.: Long sword |    11 |     7 ||    18

Table legend: (Time is in decaauts)
 A = Elapsed time spent in this place.
 B = Non-inter-level travel time spent in this place.
 C = Inter-level travel time spent in this place.
 D = Time resting spent in this place.
 E = Time spent auto-exploring this place.
 F = Levels seen in this place.
 G = Mean time per level.
                   A        B        C        D        E       F      G
               +--------+--------+--------+--------+--------+-----+--------+
         Total |   3225 |   3085 |    140 |    763 |   1756 |   3 | 1075.0 |
       Dungeon |   3225 |   3085 |    140 |    763 |   1756 |   3 | 1075.0 |
               +--------+--------+--------+--------+--------+-----+--------+

Top non-repeatable levels by time:
     D:3: 1288 daAuts
     D:2: 1107 daAuts
     D:1: 828 daAuts
